Map: Parasitismo LE

Players

Yuris

  • Race: Protoss Protoss
  • League: Gold
  • Spawn Location: 11:00

Vicster - Winner!

  • Race: Terran Terran
  • League: Gold
  • Spawn Location: 5:00

VOD

Have the link to the VOD?

Description

Time

  • Played on: Jan. 5, 2019, 12:32 p.m.
  • Length: 17:29
Show
View Real Time Build Order
Export as new Build Order

Yuris Protoss 

Build Orders: Oracle Opening 

Get SALT Encoding   

  12  0:00  Probe  
  13  0:13  Probe  
  14  0:22  Pylon  
  14  0:25  Probe  
  15  0:31  Assimilator  
  15  0:39  Probe  
  16  0:46  Gateway  
  16  0:47  Probe  
  16  0:55  Probe  
  18  1:05  Probe  
  18  1:06  Pylon  
  19  1:11  Assimilator  
  19  1:14  Probe  
  20  1:22  Probe  
  20  1:32  Probe  
  21  1:34  Cybernetics Core  
  22  1:45  Probe  
  23  1:57  Probe  
  23  1:58  Zealot  
  26  2:09  Probe  
  26  2:14  Stargate  
  27  2:21  Probe, Warp Gate  
  28  2:34  Nexus  
  26  2:52  Oracle  
  29  3:17  Probe  
  30  3:23  Pylon  
  30  3:26  Assimilator  
  30  3:29  Probe  
  31  3:41  Probe  
  31  3:43  Assimilator  
  31  3:48  Probe  
  33  3:53  Probe  
  34  4:00  Probe  
  35  4:05  Probe  
  36  4:12  Probe  
  37  4:24  Probe  
  37  4:26  Void Ray  
  42  4:31  Stalker  
  42  4:36  Probe  
  45  4:47  Protoss Air Weapons Level 1  
  45  5:00  Probe  
  46  5:12  Probe  
  46  5:14  Stargate  
  47  5:19  Stargate  
  47  5:23  Forge  
  47  5:25  Probe  
  47  5:27  Void Ray  
  52  5:32  Pylon  
  52  5:35  Pylon  
  52  5:37  Probe, Pylon  
  52  5:39  Pylon  
  52  5:41  Pylon  
  53  5:43  Pylon  
  53  5:45  Pylon  
  53  5:49  Probe  
  54  5:51  Stalker  
  56  5:57  Void Ray x2  
  56  6:01  Probe  
  54  6:05  Void Ray  
  62  6:13  Probe  
  67  6:18  Zealot  
  67  6:25  Probe  
  70  6:34  Protoss Shields Level 1  
  70  6:37  Probe  
  44  7:19  Void Ray x2  
  44  7:25  Void Ray  
  56  7:40  Probe  
  57  7:48  Probe, Protoss Air Armor Level 1  
  57  7:56  Zealot  
  57  7:57  Probe  
  60  8:01  Pylon  
  60  8:05  Void Ray x2  
  61  8:06  Void Ray  
  61  8:10  Probe  
  74  8:22  Probe  
  75  8:34  Probe  
  76  8:46  Void Ray x2, Probe  
  85  8:56  Void Ray  
  85  8:58  Probe  
  90  9:21  Void Ray x2  
  98  9:35  Void Ray  
  84  11:01  Void Ray x2  
  84  11:02  Void Ray  
  96  11:36  Void Ray x2  
  96  11:37  Void Ray  
  104  11:47  Pylon  
  63  12:12  Void Ray x2  
  71  12:23  Gateway  
  71  12:25  Gateway  
  71  12:28  Gateway  
  71  12:30  Gateway  
  71  12:33  Gateway  
  59  12:57  Void Ray x3  
  71  13:21  Zealot  
  71  13:22  Zealot x2  
  71  13:24  Zealot  
  79  13:28  Zealot  
  79  13:31  Zealot  
  83  13:44  Zealot x2, Pylon  
  83  13:45  Zealot x2  
  83  13:46  Pylon  
  83  13:48  Pylon x2  
  91  13:50  Pylon  
  91  13:51  Pylon  
  91  13:53  Void Ray x3, Pylon  
  91  13:55  Pylon  
  103  13:56  Zealot, Pylon  
  75  14:12  Zealot  
  75  14:15  Zealot x2  
  81  14:19  Zealot  
  48  15:07  Pylon  
  48  15:10  Pylon  
  48  15:19  Robotics Facility  
  44  15:28  Stalker  
  35  15:46  Void Ray x3  
  38  16:17  Robotics Bay  
  30  16:44  Nexus  
Show
View Real Time Build Order
Export as new Build Order

Vicster Terran - Winner!

Build Orders:  

Get SALT Encoding   

  12  0:01  SCV  
  13  0:13  SCV  
  14  0:17  Supply Depot  
  14  0:25  SCV  
  15  0:32  Refinery  
  15  0:38  SCV  
  16  0:45  Barracks  
  16  0:50  SCV  
  17  1:02  SCV  
  18  1:15  SCV  
  19  1:27  SCV  
  19  1:32  Reaper  
  21  1:39  Orbital Command  
  21  1:49  Command Center  
  21  2:08  SCV  
  22  2:13  Factory  
  22  2:17  Supply Depot  
  22  2:19  Refinery  
  22  2:20  SCV  
  22  2:21  Barracks Reactor  
  23  2:39  SCV  
  24  3:09  Orbital Command  
  23  3:14  Marine x2, Bunker  
  23  3:18  Barracks  
  25  3:20  Barracks, SCV  
  25  3:23  Barracks  
  26  3:27  Factory Tech Lab  
  26  3:34  SCV  
  26  3:36  SCV  
  26  3:41  Engineering Bay  
  28  3:42  Marine  
  28  3:46  SCV  
  30  3:48  SCV  
  31  3:58  SCV  
  31  4:00  SCV  
  32  4:07  Marine x4  
  33  4:11  SCV  
  32  4:24  Marine x2  
  32  4:25  Marine x2  
  34  4:41  Marine  
  34  4:42  Marine x3  
  34  4:43  Marine  
  39  4:48  Cyclone  
  39  4:52  SCV  
  43  4:59  Marine  
  44  5:00  Marine x2  
  44  5:03  Missile Turret  
  46  5:07  Supply Depot  
  46  5:10  Missile Turret  
  46  5:25  Supply Depot  
  46  5:29  Marine x3, SCV x2  
  46  5:31  Cyclone  
  54  5:45  Refinery  
  54  5:47  Marine x4, SCV x2  
  60  5:56  Marine  
  61  5:59  SCV  
  62  6:09  Refinery  
  62  6:40  Marine  
  62  6:41  Marine, SCV  
  62  6:43  Marine  
  62  6:45  Marine, SCV  
  62  6:47  Marine, Cyclone  
  62  6:53  SCV  
  60  6:57  SCV  
  59  7:05  SCV  
  54  7:09  SCV  
  51  7:17  SCV  
  51  7:21  Barracks Tech Lab  
  51  7:22  Barracks Tech Lab, Barracks Reactor  
  51  7:31  Supply Depot x2  
  51  7:34  Starport  
  51  7:37  Marine  
  51  7:38  Marine  
  51  7:40  Combat Shield, Stimpack  
  51  7:42  Marine x2  
  55  7:45  Cyclone  
  55  7:49  Command Center  
  58  7:53  Supply Depot  
  58  7:55  Marine x2, Terran Infantry Weapons Level 1  
  60  8:01  Supply Depot  
  60  8:02  Engineering Bay  
  60  8:04  Armory  
  60  8:09  Supply Depot  
  60  8:10  Supply Depot  
  60  8:13  Starport Reactor  
  60  8:14  Marine x3  
  60  8:15  Marine x2, Supply Depot  
  65  8:24  SCV x2  
  65  8:25  Command Center  
  67  8:31  Terran Infantry Armor Level 1  
  67  8:36  Marine x4, SCV x2  
  67  8:39  Marine  
  67  8:40  Marine  
  75  8:46  Cyclone  
  75  8:48  SCV x2  
  80  8:49  Mag-Field Accelerator  
  80  8:54  Marine  
  80  9:00  SCV x2  
  82  9:03  Marine  
  82  9:04  Marine x4  
  87  9:11  Marine  
  87  9:12  Missile Turret, SCV x2  
  90  9:18  Missile Turret  
  90  9:19  Orbital Command  
  90  9:21  Marine x2  
  92  9:25  Refinery  
  92  9:26  Refinery  
  92  9:30  Marine x3  
  92  9:31  Marine  
  95  9:36  Siege Tank  
  99  9:43  Supply Depot  
  99  9:51  Marine  
  99  9:52  Marine x5  
  105  9:55  Medivac  
  72  10:54  Missile Turret  
  72  11:07  Marine x4  
  72  11:08  Marine x2  
  72  11:09  Cyclone  
  80  11:25  Marine x6  
  77  11:43  Marine x6  
  55  12:02  Marine x5  
  55  12:03  Marine  
  55  12:07  Medivac  
  58  12:16  Refinery  
  58  12:20  Marine x6  
  64  12:32  Engineering Bay  
  63  12:50  Marine x6  
  69  12:53  Medivac  
  71  13:08  Marine x4  
  75  13:15  Marine x2  
  75  13:17  Medivac  
  79  13:25  Marine, Refinery  
  79  13:26  Marine x3, Missile Turret  
  83  13:38  Marine x2  
  83  13:40  Medivac  
  87  13:43  Marine x3  
  80  14:28  SCV x2  
  80  14:29  SCV  
  74  14:40  SCV  
  46  15:35  Marine x6  
  47  15:37  Medivac x2  
  56  15:52  Marine  
  56  15:53  Marine x5  
  62  16:07  Medivac x2  
  62  16:09  Cyclone  
  62  16:10  Marine  
  62  16:11  Marine x5  
  75  16:22  Command Center  
  75  16:28  Marine  
  75  16:29  Marine  
  77  16:37  Medivac  
  75  17:01  Marine x6  
Tags
 
Add a new tag
Caveats
  • Supply blocks, unpowered buildings, or Contaminate may cause inaccurate times.
  • Supply counts are checked every 10 seconds.